Selects Armored Support Battlegroup
Construct Light Support Kompanie
Selects Superior Fire Drills
Pak 38 Anti-tank Gun Team
Selects Flammpanzer III Medium Tank
Flammpanzer III Medium Tank
Construct Panzerarmee Kommand
Selects Command Panzer IV F Medium Tank
Command Panzer IV F Medium Tank
Pak 38 Anti-tank Gun Team
Selects Stuka Anti-tank Loiter
Command Panzer IV F Medium Tank
Pak 38 Anti-tank Gun Team
Pak 38 Anti-tank Gun Team